 Dungeon Crawl Stone Soup version 0.26-a0-646-g5d7718319a (webtiles) character file.

Game seed: 11260634961094415151

23 Colgate the Firebug (level 2, 15/15 HPs)
             Began as a Deep Elf Fire Elementalist on Sept 24, 2020.
             Quit the game on level 1 of the Dungeon.
             The game lasted 00:05:54 (1040 turns).

Colgate the Firebug (Deep Elf Fire Elementalist)    Turns: 1040, Time: 00:05:54

Health: 15/15      AC:  2    Str:  5    XL:     2   Next: 72%
Magic:  8/8        EV: 13    Int: 19    God:
Gold:   60         SH:  0    Dex: 15    Spells: 6/7 levels left

rFire    . . .     SeeInvis .   k - +2 short sword (protect)
rCold    . . .     Faith    .   (no shield)
rNeg     . . .     Spirit   .   a - +0 robe
rPois    +         Reflect  .   (no helmet)
rElec    .         Harm     .   (no cloak)
rCorr    .         Rampage  .   (no gloves)
MR       .....                  (no boots)
Stlth    ++........             (no amulet)
HPRegen  0.05/turn              c - ring of poison resistance
MPRegen  0.11/turn              (no ring)

@: no status effects
A: no striking features
a: no special abilities


You were on level 1 of the Dungeon.
You visited 1 branch of the dungeon, and saw 1 of its levels.

You collected 60 gold pieces.

Inventory:

Hand Weapons
 h - a +0 dagger
 k - a +2 short sword of protection (weapon)
Missiles
 d - 3 arrows
Armour
 a - a +0 robe (worn)
Jewellery
 c - a ring of poison resistance (left hand)
Scrolls
 b - a scroll of magic mapping {unknown}
 i - a scroll of noise {unknown}
 j - 3 scrolls of random uselessness {unknown}
Potions
 e - a potion of curing {unknown}
 f - 2 potions of might {unknown}
 g - a potion of flight {unknown}
 l - a potion of invisibility {unknown}


   Skills:
 - Level 2.4 Dodging
 - Level 2.4 Stealth
 - Level 3.0 Spellcasting
 - Level 1.1 Conjurations
 + Level 4.4 Fire Magic


You had 6 spell levels left.
You knew the following spells:

 Your Spells              Type           Power        Failure   Level
a - Foxfire               Conj/Fire      ##..         4%          1

Your spell library contained the following spells:

 Spells                   Type           Power        Failure   Level
 Conjure Flame            Conj/Fire      ##......     14%         3
 Inner Flame              Hex/Fire       ##......     19%         3
 Sticky Flame             Conj/Fire      ##......     43%         4
 Fireball                 Conj/Fire      ##........   80%         5


Dungeon Overview and Level Annotations

Branches:
Dungeon (1/15)

Altars:


Message History

You now have 60 gold pieces (gained 9).
A goblin comes into view.
Casting: Foxfire (safe; 4% risk of failure)
Confirm with . or Enter, or press ? or * to list all spells.
You conjure some foxfire!
Your foxfire dissipates!
Casting: Foxfire (safe; 4% risk of failure)
Confirm with . or Enter, or press ? or * to list all spells.
You conjure some foxfire!
The foxfire hits the goblin.
You kill the goblin!
Your foxfire dissipates!
You see here a goblin corpse.
You see here a +0 club.
There is an open door here.
You enter the shallow water.
Moving in this stuff is going to be slow.
Partly explored, can't reach some places.
Partly explored, can't reach some places.
Search for what [? for help]? d:1 Are you sure you want to abandon this character and quit the game? (Confirm with "yes".)

####.....###########....#
#....#.#.# #....#
#.#..#.#.###########....#
#)#..#..............≈...# ##
#####[#..#.#.#.≈...≈..≈≈.≈..#≈≈##
......######....≈..≈≈......##≈# #
######..###≈≈≈≈.≈≈≈≈≈≈..≈≈≈≈≈≈# #
# ###.##≈≈≈≈≈..≈≈≈≈≈≈≈.≈≈≈≈≈## #
####...#####≈...@...≈.≈....######
#..'...#.#..##..≈.≈≈.....#.....'.
#.##...#.#..........#.#.###)...##
#........#..........#.#....)...##
#.#.#.####..........#.######...##
###.#.##............#'#........##
....#.†..#..............###....##
###################.....###....##
#....###.....##


There were no monsters in sight!

Vanquished Creatures
  A leopard gecko (D:1)
  4 goblins (D:1)
  7 hobgoblins (D:1)
  3 bats (D:1)
  3 frilled lizards (D:1)
  A rat (D:1)
19 creatures vanquished.

Vanquished Creatures (others)
  66 foxfires (D:1)
66 creatures vanquished.

Grand Total: 85 creatures vanquished

Notes
Turn   | Place    | Note
-------+----------+-------------------------------------------
     0 | D:1      | Colgate the Deep Elf Fire Elementalist began the quest for
                  | the Orb.
     0 | D:1      | Reached XP level 1. HP: 10/10 MP: 6/6
   330 | D:1      | Reached skill level 4 in Fire Magic
   330 | D:1      | Reached XP level 2. HP: 15/15 MP: 4/8
  1040 | D:1      | Quit the game

Illustrated notes

Levels and vault maps discovered:
D:1:      saegor_arrival_simple_a, layout_basic, chequers_serial_rivers_small_3,
          kennysheep_nondescript, hangedman_decor_opposing

Skill      XL: |  1 |
---------------+----+-----
Fire Magic     | 4 |  4.4
Dodging        | |  2.4
Stealth        | |  2.4
Spellcasting   | |  3.0
Conjurations   | |  1.1

Action                   || total
-------------------------++-------
Melee: Unarmed           ||     1
       Dagger            ||     1
 Cast: Foxfire           ||    40
Armor: Robe              ||     2
Dodge: Dodged            ||     3

Table legend: (Time is in decaauts)
 A = Elapsed time spent in this place.
 B = Non-inter-level travel time spent in this place.
 C = Inter-level travel time spent in this place.
 D = Time resting spent in this place.
 E = Time spent auto-exploring this place.
 F = Levels seen in this place.
 G = Mean time per level.
                   A        B        C        D        E       F      G
               +--------+--------+--------+--------+--------+-----+--------+
         Total |   1039 |   1039 |      0 |      0 |    923 |   1 | 1039.0 |
       Dungeon |   1039 |   1039 |      0 |      0 |    923 |   1 | 1039.0 |
               +--------+--------+--------+--------+--------+-----+--------+

Top non-repeatable levels by time:
     D:1: 1039 daAuts
